 Dungeon Crawl Stone Soup version 0.28-a0-730-g892d06dc2c (webtiles) character file.

Game seed: 18309918317728701282

63 pokeman the Magician (level 3, 0/20 HPs)
             Began as a Deep Elf Hedge Wizard on Oct 28, 2021.
             Succumbed to an adder's poison
             ... on level 2 of the Dungeon.
             The game lasted 00:03:13 (1958 turns).

pokeman the Magician (Deep Elf Hedge Wizard)        Turns: 1958, Time: 00:03:13

Health: 0/20       AC:  3    Str:  7    XL:     3   Next: 87%
Magic:  2/11       EV: 12    Int: 19    God:
Gold:   53         SH:  0    Dex: 14    Spells: 1/12 levels left

rFire   . . .      SeeInvis .   n - +1 short sword (venom)
rCold   . . .      Faith    .   (no shield)
rNeg    . . .      Spirit   .   f - +0 leather armour
rPois   .          Reflect  .   c - +0 hat
rElec   .          Harm     .   (no cloak)
rCorr   .          Rampage  .   (no gloves)
Will    +....                   (no boots)
Stlth   ++........              (no amulet)
HPRegen 0.06/turn               k - ring of willpower
MPRegen 0.12/turn               (no ring)

@: lethally poisoned (0 -> -13), very slightly contaminated
A: no striking features
a: no special abilities


You were on level 2 of the Dungeon.
You visited 1 branch of the dungeon, and saw 2 of its levels.

You collected 53 gold pieces.

Inventory:

Hand Weapons
 n - a +1 short sword of venom (weapon)
Armour
 c - a +0 hat (worn)
 f - a +0 leather armour (worn)
Magical Staves
 b - a staff of air
 l - a staff of death
Jewellery
 k - a ring of willpower (left hand)
Scrolls
 a - a scroll of holy word {unknown}
 e - 2 scrolls of fog {unknown}
 g - a scroll of noise {unknown}
 m - a scroll of amnesia {unknown}
 o - a scroll of silence {unknown}
 q - a scroll of identify {unknown}
Potions
 d - a potion of haste {unknown}
 h - a potion of flight {unknown}
 i - a potion of degeneration {unknown}
 j - a potion of curing {unknown}
 p - a potion of brilliance {unknown}


   Skills:
 - Level 1.0 Fighting
 - Level 1.0 Armour
 + Level 2.6 Dodging
 - Level 2.4 Stealth
 * Level 5.4 Spellcasting
 + Level 2.0 Conjurations
 - Level 1.1 Summonings
 + Level 0.1 Necromancy
 - Level 1.1 Translocations


You had one spell level left.
You knew the following spells:

 Your Spells              Type           Power      Damage    Failure   Level
a - Magic Dart            Conj           48%        1d5       8%          1
b - Mephitic Cloud        Conj/Pois/Air  7%         N/A       36%         3
c - Call Imp              Summ           9%         N/A       17%         2
d - Blink                 Tloc           18%        N/A       17%         2
e - Conjure Flame         Conj/Fire      9%         6-21      34%         3

Your spell library contained the following spells:

 Spells                   Type           Power      Damage    Failure   Level
 Corpse Rot               Necr/Air       10%        N/A       26%         2
 Poisonous Vapours        Pois/Air       10%        N/A       26%         2
 Slow                     Hex            5%         N/A       26%         2


Dungeon Overview and Level Annotations

Branches:
Dungeon (2/15)

Altars:
Elyvilon


Message History

Aim: an adder (100% to hit)
You miscast Magic Dart.
You are very lightly contaminated with residual magic.
Nothing appears to happen.
The adder bites you.
You are poisoned.
The adder poisons you!
Your white imp hits the worm but does no damage.
Casting: Magic Dart (safe; 8% risk of failure)
Confirm with . or Enter, or press ? or * to list all spells.
Aiming: Magic Dart (safe; 8% risk of failure)
Press: ? - help, Shift-Dir - straight line, f/p - adder
Aim: an adder (100% to hit)
The magic dart hits the adder.
The adder is lightly wounded.
You feel sick. The adder closely misses you.
Your white imp gestures at the worm.
The puff of frost hits the worm!
Casting: Magic Dart (safe; 8% risk of failure)
Confirm with . or Enter, or press ? or * to list all spells.
Aiming: Magic Dart (safe; 8% risk of failure)
Press: ? - help, Shift-Dir - straight line, f/p - adder
Aim: an adder (lightly wounded, 100% to hit)
The magic dart hits the adder.
The adder is heavily wounded.
* * * LOW HITPOINT WARNING * * *
You feel sick.
The worm seems less confused.
The adder bites you.
* * * LOW HITPOINT WARNING * * *
You are more poisoned.
The adder poisons you! The adder bites you.
* * * LOW HITPOINT WARNING * * *
You are more poisoned.
The adder poisons you!
Casting: Magic Dart (safe; 8% risk of failure)
Confirm with . or Enter, or press ? or * to list all spells.
Aiming: Magic Dart (safe; 8% risk of failure)
Press: ? - help, Shift-Dir - straight line, f/p - adder
Aim: an adder (heavily wounded, 100% to hit)
The magic dart hits the adder.
The adder is almost dead.
You die...

. ##### .. #...# ...
#...# .... #####...#
..5w.
#.......######......
#.##...>....@Sr.....
#.##....######......
#.##..#.# .....
#..<..#.# ....
###.....#### ...
##......... ..
##..._..#### .
#.......# ##..)....#


You could see a worm (ally target), an adder, a quokka and a friendly white imp
(summoned).

Vanquished Creatures
  An adder (D:2)
  3 dart slugs
  7 ball pythons
  3 bats (D:1)
  3 endoplasms (D:1)
  A giant cockroach (D:2)
  4 goblins
  5 hobgoblins
  2 quokkas
  4 frilled lizards (D:1)
  4 kobolds
  3 rats (D:1)
40 creatures vanquished.

Vanquished Creatures (collateral kills)
  A bat (D:2)
  A goblin (D:2)
  A kobold (D:2)
3 creatures vanquished.

Grand Total: 43 creatures vanquished

Notes
Turn   | Place    | Note
-------+----------+-------------------------------------------
     0 | D:1      | pokeman the Deep Elf Hedge Wizard began the quest for the
                  | Orb.
     0 | D:1      | Reached XP level 1. HP: 10/10 MP: 7/7
   202 | D:1      | Reached XP level 2. HP: 15/15 MP: 6/9
   850 | D:1      | Reached skill level 5 in Spellcasting
  1126 | D:1      | Reached XP level 3. HP: 20/20 MP: 9/11
  1130 | D:1      | Learned a level 3 spell: Mephitic Cloud
  1133 | D:1      | Learned a level 2 spell: Call Imp
  1136 | D:1      | Learned a level 2 spell: Blink
  1140 | D:1      | Learned a level 3 spell: Conjure Flame
  1432 | D:1      | Found a faded altar of an unknown god.
  1610 | D:2      | Reached skill level 1 in Armour
  1883 | D:2      | Found a white marble altar of Elyvilon.
  1906 | D:2      | Reached skill level 1 in Fighting
  1958 | D:2      | Succumbed to an adder's poison

Illustrated notes

Levels and vault maps discovered:
D:1:      dpeg_arrival_erosion, layout_loops_ring,
          chequers_ecumenical_altar_twisty, minmay_nonomino_d4
D:2:      layout_basic, basic_altar, kennysheep_generic_room_13,
          uniq_crazy_yiuf_cottage

Skill      XL: |  1  2  3 |
---------------+----------+-----
Spellcasting   | 5 |  5.4
Armour         | 1 |  1.0
Fighting       | 1 |  1.0
Conjurations   | 2 |  2.0
Dodging        | |  2.6
Stealth        | |  2.4
Summonings     | |  1.1
Necromancy     | |  0.1
Translocations | |  1.1

Action                   || total
-------------------------++-------
Melee: Dagger            ||     6
       Short sword       ||    16
 Cast: Magic Dart        ||    91
       Mephitic Cloud    ||     1
       Call Imp          ||     1
Armor: Leather armour    ||     9
Dodge: Dodged            ||    18

Table legend: (Time is in decaauts)
 A = Elapsed time spent in this place.
 B = Non-inter-level travel time spent in this place.
 C = Inter-level travel time spent in this place.
 D = Time resting spent in this place.
 E = Time spent auto-exploring this place.
 F = Levels seen in this place.
 G = Mean time per level.
                   A        B        C        D        E       F      G
               +--------+--------+--------+--------+--------+-----+--------+
         Total |   1957 |   1924 |     33 |    240 |   1435 |   2 |  978.5 |
       Dungeon |   1957 |   1924 |     33 |    240 |   1435 |   2 |  978.5 |
               +--------+--------+--------+--------+--------+-----+--------+

Top non-repeatable levels by time:
     D:1: 1602 daAuts
     D:2: 354 daAuts
